 Dungeon Crawl Stone Soup version 0.22-a0-525-gf69a0803ab (webtiles) character file.

96 Islandstone the Skirmisher (level 4, -5/41 HPs)
             Began as a Gnoll Wanderer on June 21, 2018.
             Was a Follower of Elyvilon.
             Slain by Grinder (6 damage)
             ... while paralysed by Grinder
             ... on level 3 of the Dungeon.
             The game lasted 00:14:25 (3230 turns).

Islandstone the Skirmisher (Gnoll Wanderer)         Turns: 3230, Time: 00:14:26

Health: -5/41      AC:  3    Str: 14    XL:     4   Next: 67%
Magic:  5/5        EV:  2    Int: 14    God:    Elyvilon [*.....]
Gold:   154        SH:  0    Dex: 16    Spells: 5/5 levels left

rFire    . . .     SeeInvis .   a - +2 spear
rCold    . . .     Gourm    .   c - +0 buckler
rNeg     . . .     Faith    .   d - +0 robe
rPois    .         Spirit   .   (no helmet)
rElec    .         Reflect  .   y - +0 cloak {+Inv}
rCorr    .         Harm     .   (no gloves)
MR       .....                  (no boots)
Stlth    ++........             (no amulet)
HPRegen  0.13/turn              (no ring)
MPRegen  0.09/turn              (no ring)

@: paralysed, heavily drained
A: distributed training, fangs 1, strong nose
a: Lesser Healing, Divine Protection, Renounce Religion, Evoke Invisibility


You were on level 3 of the Dungeon.
You worshipped Elyvilon.
Elyvilon was aware of your devotion.
You were not hungry.

You visited 1 branch of the dungeon, and saw 3 of its levels.

You collected 154 gold pieces.

Inventory:

Hand Weapons
 a - a +2 spear (weapon)
 g - a +1 spear of pain
 x - a +1 mace of protection
Missiles
 e - 92 stones (quivered)
 i - 2 throwing nets
Armour
 c - a +0 buckler (worn)
 d - a +0 robe (worn)
 m - a +0 pair of gloves
 o - a +0 chain mail
 p - a +0 pair of boots
 y - a +0 cloak of invisibility (worn)
Jewellery
 k - a +5 ring of protection {unknown}
 z - a cursed ring of loudness {unknown}
 A - a cursed ring of wizardry {unknown}
Scrolls
 b - a scroll of teleportation
 j - a scroll of magic mapping {unknown}
 n - a scroll of amnesia {unknown}
 r - a scroll of enchant armour {unknown}
 s - 3 scrolls of identify {unknown}
 u - 3 scrolls of remove curse {unknown}
 v - 2 scrolls of blinking {unknown}
 w - a scroll of enchant weapon {unknown}
Potions
 h - a potion of berserk rage {unknown}
 l - a potion of curing {unknown}
 q - a potion of resistance
 t - a potion of brilliance {unknown}
Comestibles
 f - 2 rations


   Skills:
 + Level 6.6(5.1) Fighting
 + Level 1.2(0.0) Short Blades
 + Level 1.2(0.0) Long Blades
 + Level 2.8(1.4) Axes
 + Level 1.2(0.0) Maces & Flails
 + Level 4.6(3.2) Polearms
 + Level 1.2(0.0) Staves
 + Level 1.2(0.0) Slings
 + Level 1.2(0.0) Bows
 + Level 1.2(0.0) Crossbows
 + Level 2.8(1.4) Throwing
 + Level 2.8(1.4) Armour
 + Level 1.2(0.0) Dodging
 + Level 2.6(1.2) Stealth
 + Level 2.8(1.4) Shields
 + Level 1.2(0.0) Unarmed Combat
 + Level 1.2(0.0) Spellcasting
 + Level 1.0(0.0) Conjurations
 + Level 1.0(0.0) Hexes
 + Level 1.0(0.0) Charms
 + Level 1.0(0.0) Summonings
 + Level 1.0(0.0) Necromancy
 + Level 1.0(0.0) Translocations
 + Level 1.0(0.0) Transmutations
 + Level 1.0(0.0) Fire Magic
 + Level 1.0(0.0) Ice Magic
 + Level 1.0(0.0) Air Magic
 + Level 1.0(0.0) Earth Magic
 + Level 1.0(0.0) Poison Magic
 + Level 1.3(0.0) Invocations
 + Level 1.2(0.0) Evocations


You had 5 spell levels left.
You didn't know any spells.
Your spell library was empty.

Dungeon Overview and Level Annotations

Branches:
Dungeon (3/15)

Altars:
Cheibriados
Elyvilon
Sif Muna

Annotations:
D:2 Ijyb
D:3 Grinder


Innate Abilities, Weirdness & Mutations

Your experience applies equally to all skills.
You have very sharp teeth.
Your uncanny sense of smell can sniff out nearby items.


Message History

You hit the kobold.
You kill the kobold!
No target in view!
You see here a dagger.
Grinder comes into view.
Grinder shouts!
You barely miss Grinder. Grinder gestures at you.
Pain shoots through your body!
You closely miss Grinder. Grinder gestures at you.
You suddenly lose the ability to move!
Grinder hits you. x2
You writhe in agony.
Grinder hits you!
* * * LOW HITPOINT WARNING * * *
Grinder hits you!
* * * LOW HITPOINT WARNING * * *
You writhe in agony.
You die...

#.........
#.######## #.# #.#
#.# # #.# #.# ###
#.# #.# ..# #.# #.#
#.###.# #.# ......#
#5# #.###.#
###@###### ..#
#.########..........
###
#.#..........######.
#####.#.######.###
....)...######.#
#####..........#
############


You could see Grinder.

Vanquished Creatures
  Crazy Yiuf (D:2)
  4 worms (D:2)
  3 leopard geckos
  3 orcs (D:3)
  2 bats (D:1)
  4 giant cockroaches
  7 goblins
  7 hobgoblins
  2 jackals (D:1)
  4 kobolds
  2 quokkas
  5 frilled lizards
  3 rats
47 creatures vanquished.

Notes
Turn   | Place    | Note
-------+----------+-------------------------------------------
     0 | D:1      | Islandstone the Gnoll Wanderer began the quest for the Orb.
     0 | D:1      | Islandstone set off with: a +2 spear, a scroll of teleportation, a +0 buckler, a +0 robe, a ration
     0 | D:1      | Reached XP level 1. HP: 23/23 MP: 1/1
   142 | D:1      | Reached XP level 2. HP: 29/29 MP: 2/2
   549 | D:1      | Reached XP level 3. HP: 35/35 MP: 3/3
   799 | D:2      | Found a deep blue altar of Sif Muna.
  1031 | D:2      | Reached skill level 1 in Invocations
  1052 | D:2      | Found a white marble altar of Elyvilon.
  1069 | D:2      | Became a worshipper of Elyvilon the Healer
  1322 | D:2      | Reached skill level 1 in Short Blades
  1322 | D:2      | Reached skill level 1 in Long Blades
  1322 | D:2      | Reached skill level 1 in Maces & Flails
  1322 | D:2      | Reached skill level 1 in Staves
  1322 | D:2      | Reached skill level 1 in Slings
  1322 | D:2      | Reached skill level 1 in Bows
  1322 | D:2      | Reached skill level 1 in Crossbows
  1322 | D:2      | Reached skill level 1 in Dodging
  1322 | D:2      | Reached skill level 1 in Unarmed Combat
  1322 | D:2      | Reached skill level 1 in Spellcasting
  1322 | D:2      | Reached skill level 1 in Evocations
  1565 | D:3      | Noticed Ijyb
  1603 | D:2      | Found a runed door.
  1854 | D:2      | Noticed Crazy Yiuf
  1870 | D:2      | Killed Crazy Yiuf
  1870 | D:2      | Reached XP level 4. HP: 28/41 MP: 5/5
  2029 | D:3      | Reached skill level 1 in Conjurations
  2029 | D:3      | Reached skill level 1 in Hexes
  2029 | D:3      | Reached skill level 1 in Charms
  2029 | D:3      | Reached skill level 1 in Summonings
  2029 | D:3      | Reached skill level 1 in Necromancy
  2029 | D:3      | Reached skill level 1 in Translocations
  2029 | D:3      | Reached skill level 1 in Transmutations
  2029 | D:3      | Reached skill level 1 in Fire Magic
  2029 | D:3      | Reached skill level 1 in Ice Magic
  2029 | D:3      | Reached skill level 1 in Air Magic
  2029 | D:3      | Reached skill level 1 in Earth Magic
  2029 | D:3      | Reached skill level 1 in Poison Magic
  2454 | D:2      | HP: 1/41 [Ijyb/wand of flame (14) (4)]
  3070 | D:3      | Found a snail-covered altar of Cheibriados.
  3186 | D:3      | Reached * piety under Elyvilon
  3223 | D:3      | Noticed Grinder
  3226 | D:3      | Paralysed by Grinder for 5 turns
  3230 | D:3      | HP: 1/41 [Grinder (9)]
  3230 | D:3      | Slain by Grinder

Vault maps used:
D:1:      lightli_arrival_maybe_door_vault
D:2:      lemuel_doored_altar, elyvilon_altar_1, serial_forest,
          infiniplex_forest_corner_1, infiniplex_forest_end_3,
          infiniplex_forest_straight_2, infiniplex_forest_corner_2,
          infiniplex_forest_split, minmay_strange_pillars,
          uniq_crazy_yiuf_cottage
D:3:      lemuel_round_altar, uniq_ijyb, uniq_grinder

Skill      XL: |  1  2  3  4 |
---------------+-------------+-----
Invocations    | 1 |  1.3
Short Blades   | 1 |  1.2
Long Blades    | 1 |  1.2
Maces & Flails | 1 |  1.2
Staves         | 1 |  1.2
Slings         | 1 |  1.2
Bows           | 1 |  1.2
Crossbows      | 1 |  1.2
Dodging        | 1 |  1.2
Unarmed Combat | 1 |  1.2
Spellcasting   | 1 |  1.2
Evocations     | 1 |  1.2
Conjurations   | 1 |  1.0
Hexes          | 1 |  1.0
Charms         | 1 |  1.0
Summonings     | 1 |  1.0
Necromancy     | 1 |  1.0
Translocations | 1 |  1.0
Transmutations | 1 |  1.0
Fire Magic     | 1 |  1.0
Ice Magic      | 1 |  1.0
Air Magic      | 1 |  1.0
Earth Magic    | 1 |  1.0
Poison Magic   | 1 |  1.0
Fighting       | |  6.6
Axes           | |  2.8
Polearms       | |  4.6
Throwing       | |  2.8
Armour         | |  2.8
Stealth        | |  2.6
Shields        | |  2.8

Action                   |  1- 3 |  4- 6 || total
-------------------------+-------+-------++-------
Melee: Spear             |   121 |    54 ||   175
       Bite              |    11 |     5 ||    16
  Use: Scroll            |       |     1 ||     1
       Potion            |       |     1 ||     1
 Stab: Sleeping          |     7 |       ||     7
  Eat: Chunk             |     2 |     2 ||     4
       Ration            |       |     1 ||     1
Armor: Robe              |     4 |     6 ||    10
Dodge: Dodged            |    23 |    36 ||    59
Block: Buckler           |    20 |     5 ||    25

Table legend:
 A = Spawn XP
 B = Non-spawn XP
 C = Spawn XP percentage of total XP
 D = Spawn monster count
 E = Non-spawn monster count
 F = Spawn count percentage of total count
 G = Total turns spent on level
                    A         B        C        D         E        F      G
               +---------+---------+-------+---------+---------+-------+---------
         Total |       0 |     138 |   0.0 |       0 |      47 |   0.0 |  3230
               +---------+---------+-------+---------+---------+-------+---------
           D:1 |       0 |      33 |   0.0 |       0 |      18 |   0.0 |   734
           D:2 |       0 |      85 |   0.0 |       0 |      21 |   0.0 |  2091
           D:3 |       0 |      20 |   0.0 |       0 |       8 |   0.0 |   405
               +---------+---------+-------+---------+---------+-------+---------
